 Dungeon Crawl Stone Soup version 0.32-a0-450-g080537f31e (webtiles) character file.

Game seed: 8097913127277653715

2998 Dittersdorf the Fighter (level 9, -1/59 HPs)
             Began as a Gargoyle Fighter on Feb 23, 2024.
             Was an Initiate of Gozag.
             Slain by a wyvern (7 damage)
             ... on level 8 of the Dungeon.
             The game lasted 00:06:12 (6288 turns).

Dittersdorf the Fighter (Gargoyle Fighter)          Turns: 6288, Time: 00:06:13

Health: -1/59      AC: 26    Str: 25    XL:     9   Next: 84%
Magic:  9/9        EV:  8    Int:  8    God:    Gozag
Gold:   444        SH: 10    Dex: 12    Spells: 8/8 levels left

rFire   . . .        b - +0 morningstar
rCold   + . .        r - +0 kite shield
rNeg    + . .        u - +1 chain mail
rPois   ∞            f - +0 helmet
rElec   +            i - +2 cloak
rCorr   .            n - +2 pair of gloves "Maih" {Dex+3}
SInv    .            (no boots)
Will    .....        (no amulet) Stlth
                     p - ring of protection from cold
HPRegen 0.29/turn    (no ring)
MPRegen 0.11/turn

%: no passive effects
@: gold aura
A: sickness immunity, AC +6, negative energy resistance 1, electricity
resistance, torment resistance 1, petrification resistance
a: Renounce Religion, Potion Petition, Call Merchant, Bribe Branch


You were on level 8 of the Dungeon.
You worshipped Gozag.
Gozag was aware of your devotion.
You visited 2 branches of the dungeon, and saw 9 of its levels.

You collected 587 gold pieces.
You paid 143 gold pieces to Gozag.

Inventory:

Hand Weapons
 b - a +0 morningstar (weapon)
Armour
 f - a +0 helmet (worn)
 i - a +2 cloak (worn)
 n - the +2 pair of gloves "Maih" (worn) {Dex+3}
   (You found it on level 7 of the Dungeon)

   Dex+3:     It affects your dexterity (+3).
 r - a +0 kite shield (worn)
 u - a +1 chain mail (worn)
Jewellery
 p - a ring of protection from cold (left hand)
Wands
 q - a wand of roots (7)
 s - a wand of digging (8)
Scrolls
 a - a scroll of fog
 j - 2 scrolls of poison
 k - a scroll of teleportation
 m - 2 scrolls of brand weapon
Potions
 d - a potion of might
 e - 2 potions of attraction {unknown}
 g - 3 potions of brilliance {unknown}
 h - 2 potions of invisibility {unknown}
 l - 2 potions of haste {unknown}
 o - a potion of curing


   Skills:
 + Level 8.1 Fighting
 + Level 6.9 Maces & Flails
 + Level 8.0 Armour
 + Level 8.0 Shields


You had 8 spell levels left.
You didn't know any spells.
Your spell library contained the following spells:

 Spells                   Type           Power      Damage    Failure   Level
 Call Imp                 Summ           0%         N/A       99%         2
 Lesser Beckoning         Tloc           0%         N/A       99%         2
 Static Discharge         Conj/Air       0%         3-3/arc   99%         2
 Gell's Gravitas          Tloc           0%         N/A       100%        3
 Teleport Other           Tloc           0%         N/A       100%        3
 Airstrike                Air            0%         2d(0-16)  100%        4
 Cause Fear               Hex            0%         N/A       100%        4
 Summon Lightning Spire   Summ/Air       0%         N/A       100%        4
 Fireball                 Conj/Fire      0%         3d3       100%        5
 Malign Gateway           Summ/Tloc      0%         N/A       100%        7
 Summon Hydra             Summ           0%         N/A       100%        7
 Summon Horrible Things   Summ           0%         N/A       100%        8
 Dragon's Call            Summ           0%         N/A       100%        9
 Sublimation of Blood     Necr           Unusable   N/A       N/A         2

Dungeon Overview and Level Annotations

Branches:
Dungeon (8/15)             Temple (1/1) D:7
   Lair: D:8-11

Altars:
Cheibriados
Dithmenos
Elyvilon
Fedhas
Gozag
Hepliaklqana
Kikubaaqudgha
Makhleb
Nemelex Xobeh
Okawaru
Qazlal
Ru
Sif Muna
Trog
Uskayaw
Vehumet
Wu Jian
Xom
Yredelemnul
Zin
The Shining One


Innate Abilities, Weirdness & Mutations

You are immune to sickness and miasma.
Your stone body is resilient. (AC +6)
You are immune to poison.
You resist negative energy. (rN+)
You are resistant to electric shocks. (rElec)
You are resistant to unholy torment.
You are immune to petrification.


Message History

The wight is lightly damaged.
The killer bee is distracted by your dazzling golden aura.
A polar bear comes into view.
You block the wight's attack.
The howler monkey hoots and howls with incredible vigour!
The killer bee buzzes angrily.
You hear a bellow!
You hit the wight but do no damage.
The wight is lightly damaged.
You block the wight's attack.
You thump the wight!
The wight is heavily damaged.
You block the wight's attack.
The wight is distracted by your dazzling golden aura. x2
You strike the helpless wight from behind!
You hit the wight but do no damage.
The wight is no longer distracted by gold.
The wight is heavily damaged.
The killer bee is no longer distracted by gold.
The wight hits you but does no damage.
You hit the wight.
The wight is almost destroyed.
The wight barely misses you.
You puncture the wight!
You destroy the wight!
The wyvern bites you.
* * * LOW HITPOINT WARNING * * *
Your Shields skill increases to level 8!
You closely miss the wyvern.
The wight is no longer distracted by gold.
The wyvern bites you but does no damage.
The wyvern bites you.
* * * LOW HITPOINT WARNING * * *
The howler monkey hoots and howls with incredible vigour!
You hear a bellow!
You hear an angry hiss.
You sock the wyvern!
The wyvern is moderately wounded.
The wyvern bites you but does no damage.
The wyvern bites you!
You die...
Your body crumbles into a pile of gold.

#.# ...
#######.# .
........#
........#####
...(....'...#
........###.#
######### #.#
#(######Sy.


#..@khyhyhy #######zYh. . You could see a polar bear, a water moccasin, a
wyvern, an ice beast, 2 wolves, a howler monkey, 4 killer bees and a wight.

Vanquished Creatures
  A polar bear (D:8)
  2 steam dragons
  2 water moccasins
  2 sky beasts
  2 ice beasts (D:7)
  3 centaurs
  2 phantoms
  3 bullfrogs
  4 wights (D:8)
  2 jellies
  6 killer bees (D:8)
  A howler monkey (D:8)
  2 bombardier beetles
  A centaur zombie (D:4)
  3 hounds
  2 orc priests
  A gnoll bouda (D:7)
  A sleepcap (D:7)
  Crazy Yiuf (D:6)
  A scorpion zombie (D:4)
  3 orc wizards
  9 gnolls
  7 adders
  2 shadow imps
  A white imp (D:5)
  4 ufetubi
  An adder skeleton (D:4)
  2 ribbon worms
  2 dart slugs
  36 orcs
  4 ball pythons
  2 endoplasms
  19 giant cockroaches
  4 goblins
  9 hobgoblins
  9 jackals
  4 kobolds
  2 quokkas (D:5)
  5 bats
  A frilled lizard (D:3)
  2 rats
170 creatures vanquished.

Notes
Turn   | Place    | Note
-------+----------+-------------------------------------------
     0 | D:1      | Dittersdorf the Gargoyle Fighter began the quest for the
                  | Orb.
     0 | D:1      | Reached XP level 1. HP: 14/14 MP: 1/1
   123 | D:1      | Reached XP level 2. HP: 10/19 MP: 2/2
   913 | D:2      | Reached XP level 3. HP: 23/23 MP: 3/3
  1711 | D:3      | Reached XP level 4. HP: 29/29 MP: 4/4
  1928 | D:3      | Found a blossoming altar of Fedhas.
  2132 | D:3      | Reached XP level 5. HP: 24/33 MP: 5/5
  2653 | D:4      | Reached XP level 6. HP: 26/39 MP: 6/6
  3079 | D:4      | Reached skill level 5 in Fighting
  3364 | D:5      | Entered Level 5 of the Dungeon
  3455 | D:5      | Reached skill level 5 in Armour
  3522 | D:5      | Reached skill level 5 in Shields
  3522 | D:5      | Reached XP level 7. HP: 30/44 MP: 7/7
  4026 | D:5      | Found a glowing silver altar of Zin.
  4034 | D:5      | Found a radiant altar of Vehumet.
  4502 | D:6      | Reached XP level 8. HP: 43/51 MP: 8/8
  4615 | D:6      | Reached skill level 5 in Maces & Flails
  4896 | D:6      | Found a runed translucent door.
  4897 | D:6      | Noticed Crazy Yiuf
  5125 | D:6      | Killed Crazy Yiuf
  5198 | D:7      | Identified the +2 pair of gloves "Maih" {Dex+3}
  5537 | D:7      | Found a staircase to the Ecumenical Temple.
  5546 | Temple   | Entered the Ecumenical Temple
  5554 | Temple   | Became a worshipper of Gozag Ym Sagoz the Greedy
  5702 | D:7      | Reached XP level 9. HP: 57/57 MP: 9/9
  5759 | D:7      | Found a sacrificial altar of Ru.
  5806 | D:7      | Found a white marble altar of Elyvilon.
  6229 | D:8      | Noticed a polar bear
  6276 | D:8      | Killed a polar bear
  6281 | D:8      | Noticed a polar bear
  6288 | D:8      | Slain by a wyvern

Illustrated notes

Levels and vault maps discovered:
D:1:      minmay_arrival_stair_chambers, layout_basic, dreamdust_wishing_well
D:2:      minmay_roachtagon, layout_basic
D:3:      layout_loops_ring, mainiacjoe_overflow_tiny_flanked
D:4:      layout_gridville, serial_undead, serial_undead_c, serial_undead_a,
          serial_undead_e, serial_undead_c, minmay_box_of_dots
D:5:      layout_basic, amethyst_overflow_temple_binary
D:6:      layout_cave_pools, uniq_crazy_yiuf_cottage
D:7:      layout_basic, jmf_multi_god_temple2, minmay_temple_entry_sparse_star,
          minmay_checkerbox
D:8:      layout_basic, hellmonk_lair_entry_icy, gammafunk_ghost_ooze
Temple:   compressed_dpeg_triangle_lava_temple

Skill      XL: |  1  2  3  4  5  6  7  8  9 |
---------------+----------------------------+-----
Armour         | 4 5 7 8 |  8.0
Fighting       | 4 5 7 8 |  8.1
Shields        | 4 5 6 8 |  8.0
Maces & Flails | 3 4 5 6 |  6.9

Action                     |  1- 3 |  4- 6 |  7- 9 || total
---------------------------+-------+-------+-------++-------
  Melee: Flail             |   154 |   202 |   152 ||   508
         Morningstar       |       |       |   263 ||   263
    Use: Scroll            |       |     2 |     9 ||    11
   Stab: Distracted        |       |       |     2 ||     2
 Armour: Scale mail        |   177 |   227 |     6 ||   410
         Chain mail        |       |       |   434 ||   434
  Dodge: Dodged            |   111 |   148 |   180 ||   439
  Block: Buckler           |    49 |    81 |    58 ||   188
         Kite shield       |       |       |   134 ||   134

Table legend: (Time is in decaauts)
 A = Elapsed time spent in this place.
 B = Non-inter-level travel time spent in this place.
 C = Inter-level travel time spent in this place.
 D = Time resting spent in this place.
 E = Time spent auto-exploring this place.
 F = Levels seen in this place.
 G = Mean time per level.
                   A        B        C        D        E       F      G
               +--------+--------+--------+--------+--------+-----+--------+
         Total |   6500 |   6196 |    304 |    563 |   3968 |   9 |  722.2 |
       Dungeon |   6483 |   6179 |    304 |    563 |   3968 |   8 |  810.4 |
        Temple |     16 |     16 |      0 |      0 |      0 |   1 |   16.0 |
               +--------+--------+--------+--------+--------+-----+--------+

Top non-repeatable levels by time:
     D:5: 1143 daAuts
     D:4: 986 daAuts
     D:1: 956 daAuts
     D:6: 887 daAuts
     D:2: 807 daAuts
     D:3: 723 daAuts
     D:7: 657 daAuts
     D:8: 321 daAuts
  Temple: 16 daAuts
